[Event "Titled Tuesday Blitz April 4 Late 2023"]
[White "Martinez Alcantara, Jose Eduardo"]
[Black "Papp, Levente"]
[WhiteFideId "3805662"]
[BlackFideId "751243"]
[WhiteElo "2711"]
[BlackElo "2380"]
[Result "1-0"]
[Round "02"]
[TimeControl "180+2"]
[Date "2023.04.04"]
[WhiteClock "0:01:10"]
[BlackClock "0:00:02"]

1. e4 e6 2. d4 d5 3. Nd2 Nc6 4. c3 e5 5. exd5 Qxd5 6. Ngf3 exd4 7. Bc4 Qf5 8. O-O Be6 9. Bxe6 fxe6 10. Nxd4 Nxd4 11. cxd4 Qd5 12. Qa4+ c6 13. Nf3 Nf6 14. Bf4 Bd6 15. Bxd6 Qxd6 16. Rfe1 O-O 17. Qb3 Nd5 18. Ng5 Qf4 19. Qg3 Nc7 20. Re4 Qxg3 21. hxg3 Rad8 22. Rae1 h6 23. Nf3 Rd5 24. a4 Rfd8 25. b3 c5 26. Rc1 Na6 27. Rc4 cxd4 28. Rexd4 Rxd4 29. Nxd4 e5 30. Nf5 Rd1+ 31. Kh2 Kf7 32. b4 Rd2 33. b5 Rxf2 34. bxa6 bxa6 35. Ne3 Rf6 36. Rc5 Re6 37. g4 Kg6 38. Kg3 Rd6 39. Rxe5 Rd3 40. Kf3 Rd4 41. Re6+ Kg5 42. Rxa6 h5 43. Ra5+ Kg6 44. gxh5+ Kf6 45. g4 1-0


[Site "https://www.chess.com"]

[Event "Titled Tuesday Blitz April 4 Late 2023"]
[White "Melikyan, Gnel"]
[Black "Alekseenko, Kirill"]
[WhiteFideId "54109990"]
[BlackFideId "4135539"]
[WhiteElo "2138"]
[BlackElo "2683"]
[Result "0-1"]
[Round "02"]
[TimeControl "180+2"]
[Date "2023.04.04"]
[WhiteClock "0:01:06"]
[BlackClock "0:01:27"]

1. e4 c5 2. Nf3 Nc6 3. Bb5 e6 4. O-O Nge7 5. Re1 Nd4 6. Nxd4 cxd4 7. c3 a6 8. Bf1 Nc6 9. b3 Bc5 10. Bb2 O-O 11. Na3 b5 12. Nc2 Qb6 13. b4 Be7 14. a4 Bb7 15. Qe2 bxa4 16. Rxa4 dxc3 17. dxc3 Bf6 18. Rd1 Qc7 19. Nd4 Ne5 20. f4 Ng6 21. e5 Nxf4 22. Qc4 Qxe5 23. Bc1 Rac8 24. Qb3 Qe4 25. Qc2 Bxd4+ 0-1


[Site "https://www.chess.com"]

[Event "Titled Tuesday Blitz April 4 Late 2023"]
[White "Atanasov, Anthony"]
[Black "Movahed, Sina"]
[WhiteFideId "2623897"]
[BlackFideId "42520835"]
[WhiteElo "2326"]
[BlackElo "2225"]
[Result "0-1"]
[Round "02"]
[TimeControl "180+2"]
[Date "2023.04.04"]
[WhiteClock "0:00:50"]
[BlackClock "0:01:40"]

1. d4 Nf6 2. Nf3 g6 3. c4 Bg7 4. Nc3 O-O 5. e4 d6 6. Be2 Nbd7 7. Be3 e5 8. O-O Qe7 9. Qd2 exd4 10. Bxd4 Nxe4 11. Nd5 Qd8 12. Qe3 Nef6 13. Rac1 Re8 14. Qd3 Nc5 15. Qc3 Nfe4 16. Qc2 Bxd4 17. Nxd4 c6 18. Nc3 Qf6 0-1


[Site "https://www.chess.com"]

[Event "Titled Tuesday Blitz April 4 Late 2023"]
[White "Abdrlauf, Elham"]
[Black "Kleiman, Jake"]
[WhiteFideId "1533533"]
[BlackFideId "2020041"]
[WhiteElo "2469"]
[BlackElo "2621"]
[Result "1-0"]
[Round "02"]
[TimeControl "180+2"]
[Date "2023.04.04"]
[WhiteClock "0:01:23"]
[BlackClock "0:00:51"]

1. e4 e5 2. Nc3 Nf6 3. d4 exd4 4. Qxd4 Nc6 5. Qd3 Bb4 6. Ne2 O-O 7. Bg5 d6 8. f4 Bg4 9. O-O-O Bxc3 10. Nxc3 Bxd1 11. Qxd1 h6 12. Bh4 g5 13. fxg5 Nh7 14. Qh5 hxg5 15. Bg3 Qf6 16. Bc4 Kh8 17. h4 Qg6 18. Qe2 Ne5 19. Bxe5+ dxe5 20. hxg5 Qxg5+ 21. Kb1 c6 22. a4 Rad8 23. Rh5 Rd2 24. Qf3 Qxg2 25. Qf6+ Kg8 26. Qh6 Qg7 27. Qxd2 1-0


[Site "https://www.chess.com"]

[Event "Titled Tuesday Blitz April 4 Late 2023"]
[White "Vlassov, Nikolai"]
[Black "Kollars, Dmitrij"]
[WhiteFideId "4103360"]
[BlackFideId "12909572"]
[WhiteElo "2324"]
[BlackElo "2584"]
[Result "0-1"]
[Round "02"]
[TimeControl "180+2"]
[Date "2023.04.04"]
[WhiteClock "0:00:02"]
[BlackClock "0:00:16"]

1. e4 e5 2. Bc4 Nf6 3. d3 c6 4. Nf3 d5 5. Bb3 a5 6. Nc3 Bb4 7. a3 Bxc3+ 8. bxc3 a4 9. Ba2 Qc7 10. exd5 cxd5 11. O-O O-O 12. Re1 Bg4 13. h3 Bxf3 14. Qxf3 e4 15. dxe4 dxe4 16. Qe3 Nbd7 17. Rb1 Rac8 18. c4 Nc5 19. Rb4 Nfd7 20. Bb2 Qc6 21. Rd1 f5 22. Rd5 Rf7 23. Bd4 b6 24. f3 f4 25. Qe1 e3 26. Bb1 Na6 27. Rbb5 Nc7 28. Qb4 Nxb5 29. Rxb5 Qxc4 30. Qxc4 Rxc4 31. c3 Rxd4 32. cxd4 Rf6 33. Kf1 Rd6 34. Rb4 Kf7 35. Rxa4 Kf6 36. Rb4 Rc6 37. Ke2 Rc1 38. d5 Rg1 39. Rxf4+ Ke5 40. Re4+ Kxd5 41. Ba2+ Kd6 42. Kxe3 Rxg2 43. Rd4+ Kc7 44. Be6 Nc5 45. Bg4 Ra2 46. Rf4 Rxa3+ 47. Ke2 Ra2+ 48. Ke3 Ra3+ 49. Ke2 Kd6 50. Rf7 Ra2+ 51. Ke3 Ra3+ 52. Ke2 b5 53. Rxg7 b4 54. Rxh7 b3 55. Rh6+ Ke5 56. Rb6 Kd4 57. h4 Ra2+ 58. Kf1 Rh2 59. h5 b2 60. Kg1 Rc2 61. Bf5 Nd3 62. h6 Rc1+ 63. Kg2 b1=Q 64. Rxb1 Rxb1 65. h7 Rb8 66. Kg3 Nc5 67. Kf4 Rf8 68. Kg5 Ke5 69. Bc2 Ne6+ 70. Kg6 Nf4+ 71. Kg7 Ne6+ 72. Kg6 Rf6+ 73. Kh5 Nf4+ 74. Kg5 Rf8 75. Kh6 Kf6 76. Bb3 Ng6 77. Bg8 Nh8 78. f4 Rd8 79. f5 Rd4 80. Kh5 Rf4 81. Kh6 Rb4 82. Kh5 Rd4 83. Be6 Kg7 84. Bg8 Kf6 85. Be6 Rd2 86. Kh4 Rh2+ 87. Kg4 Rxh7 88. Kf4 Rg7 89. Ke4 Re7 90. Kd5 Nf7 91. Kd4 Nh6 92. Kd5 Rg7 93. Kd6 Rg5 94. Kd5 Nxf5 0-1


[Site "https://www.chess.com"]

[Event "Titled Tuesday Blitz April 4 Late 2023"]
[White "Srinath, Rao S.V."]
[Black "Zakhartsov, Vladimir"]
[WhiteFideId "5028876"]
[BlackFideId "4145097"]
[WhiteElo "2196"]
[BlackElo "2497"]
[Result "0-1"]
[Round "02"]
[TimeControl "180+2"]
[Date "2023.04.04"]
[WhiteClock "0:00:08"]
[BlackClock "0:00:16"]

1. e4 c5 2. c3 Nf6 3. e5 Nd5 4. d4 cxd4 5. Nf3 e6 6. cxd4 d6 7. Bc4 Nc6 8. O-O Be7 9. Bd2 O-O 10. Nc3 dxe5 11. dxe5 Nb6 12. Bb3 Bd7 13. Qe2 Nb4 14. Rfe1 Bc6 15. Rad1 Qd3 16. Be3 Qxe2 17. Rxe2 N6d5 18. Nxd5 Bxd5 19. Nd4 Rfd8 20. Red2 Bxb3 21. axb3 a6 22. g3 Rac8 23. Ne2 Rxd2 24. Rxd2 Nd5 25. Bd4 h6 26. Nc3 Nb4 27. Bb6 Bc5 28. Bxc5 Rxc5 29. f4 Rc7 30. Rd8+ Kh7 31. Kf2 Nc6 32. Rd2 Na5 33. b4 Nc4 34. Rd8 Nxb2 35. Ne4 b6 36. g4 a5 37. bxa5 bxa5 38. f5 Nc4 39. fxe6 fxe6 40. g5 Nxe5 41. Re8 Rc6 42. h4 Kg6 43. Kg3 Kf5 44. gxh6 gxh6 45. Nf2 Rc3+ 46. Kg2 Rc2 47. Kg3 a4 48. Ra8 Rc3+ 49. Kg2 a3 50. Ra5 h5 51. Kg1 Kf4 52. Kg2 Rc2 53. Ra4+ Kf5 54. Rxa3 Ng4 55. Ra5+ e5 56. Kg3 Rxf2 57. Ra3 Rf4 58. Ra8 Rd4 59. Rf8+ Ke4 60. Rf3 Rd3 61. Rxd3 Kxd3 0-1


[Site "https://www.chess.com"]

[Event "Titled Tuesday Blitz April 4 Late 2023"]
[White "Indjic, Aleksandar"]
[Black "Poliakova, Varvara"]
[WhiteFideId "911925"]
[BlackFideId "13518313"]
[WhiteElo "2614"]
[BlackElo "2075"]
[Result "1-0"]
[Round "02"]
[TimeControl "180+2"]
[Date "2023.04.04"]
[WhiteClock "0:00:58"]
[BlackClock "0:00:53"]

1. d4 f5 2. e4 fxe4 3. Nc3 Nf6 4. Bg5 d5 5. Bxf6 exf6 6. Qh5+ g6 7. Qxd5 Qxd5 8. Nxd5 Kd8 9. Nxf6 Bf5 10. Nd5 c6 11. Ne3 Bh6 12. Ne2 Na6 13. c3 Nc7 14. Ng3 Rf8 15. Bc4 Kd7 16. Bb3 Kd6 17. O-O Bxe3 18. fxe3 Nd5 19. Rae1 Rae8 20. Bc2 b5 21. Bxe4 Bg4 22. Rxf8 Rxf8 23. Bd3 Nb6 24. Ne4+ Kd7 25. Rf1 Rxf1+ 26. Kxf1 Be6 27. Nc5+ Ke7 28. a3 Bc4 29. Ke2 Bxd3+ 30. Nxd3 Nc4 31. e4 a5 32. h4 h5 33. g3 Kf6 34. Kf3 Nd2+ 35. Kf4 Nc4 36. e5+ Ke6 37. a4 bxa4 38. Nc5+ Kd5 39. Nxa4 Ke6 40. b3 Nd2 41. Nc5+ Kf7 42. Ke3 Nf1+ 43. Kf2 Nh2 44. Nd3 g5 45. hxg5 Kg6 46. e6 Kxg5 47. Ne5 Kf6 48. Kg2 Ng4 49. Nxg4+ hxg4 50. Kf2 1-0


[Site "https://www.chess.com"]

[Event "Titled Tuesday Blitz April 4 Late 2023"]
[White "Ehlvest, Jaan"]
[Black "Chigaev, Maksim"]
[WhiteFideId "4500016"]
[BlackFideId "4108116"]
[WhiteElo "2442"]
[BlackElo "2547"]
[Result "0-1"]
[Round "02"]
[TimeControl "180+2"]
[Date "2023.04.04"]
[WhiteClock "0:00:03"]
[BlackClock "0:00:46"]

1. e4 c5 2. Nf3 Nc6 3. d4 cxd4 4. Nxd4 Nf6 5. Nc3 e5 6. Ndb5 d6 7. Bg5 a6 8. Na3 b5 9. Nd5 Be7 10. Bxf6 Bxf6 11. c3 Rb8 12. Nc2 Bg5 13. g3 O-O 14. h4 Bh6 15. Bh3 Be6 16. Kf1 a5 17. Kg2 Ne7 18. Bxe6 fxe6 19. Nde3 Bxe3 20. Nxe3 Qd7 21. h5 h6 22. Qe2 Qc6 23. Ng4 b4 24. Rac1 bxc3 25. Rxc3 Qb7 26. Rd1 Nf5 27. Qc4 Nd4 28. Rxd4 exd4 29. Qxe6+ Kh8 30. Rb3 Qc8 31. Qg6 Rxb3 32. axb3 Qd7 33. e5 dxe5 34. Qe4 Qf5 0-1


[Site "https://www.chess.com"]

[Event "Titled Tuesday Blitz April 4 Late 2023"]
[White "Zhigalko, Sergei"]
[Black "Plotnikov, Pavel"]
[WhiteFideId "13502956"]
[BlackFideId "4170342"]
[WhiteElo "2626"]
[BlackElo "2298"]
[Result "1-0"]
[Round "02"]
[TimeControl "180+2"]
[Date "2023.04.04"]
[WhiteClock "0:00:05"]
[BlackClock "0:00:08"]

1. e4 e6 2. d4 d5 3. e5 Ne7 4. Nf3 Nf5 5. Bd3 c5 6. c3 Nc6 7. dxc5 Bxc5 8. O-O a6 9. Re1 O-O 10. Nbd2 b5 11. Nb3 Be7 12. Bf4 h6 13. Qe2 b4 14. c4 dxc4 15. Bxc4 Qb6 16. Rad1 a5 17. Nbd2 Ncd4 18. Nxd4 Nxd4 19. Qg4 Kh8 20. Qh3 Nf5 21. Bd3 Rd8 22. Nc4 Qc5 23. Nd6 Bxd6 24. exd6 Kg8 25. Rc1 Qd4 26. Be5 Qb6 27. Bxf5 exf5 28. Qg3 g6 29. Qh4 Re8 30. Bd4 Qc6 31. Qf6 Rxe1+ 32. Rxe1 1-0


[Site "https://www.chess.com"]

[Event "Titled Tuesday Blitz April 4 Late 2023"]
[White "Wadsworth, Matthew J"]
[Black "Hansen, Eric"]
[WhiteFideId "415804"]
[BlackFideId "2606771"]
[WhiteElo "2330"]
[BlackElo "2561"]
[Result "0-1"]
[Round "02"]
[TimeControl "180+2"]
[Date "2023.04.04"]
[WhiteClock "0:00:05"]
[BlackClock "0:00:53"]

1. Nf3 d5 2. g3 c6 3. Bg2 Bf5 4. c4 e6 5. Qb3 Qb6 6. d3 Nd7 7. Be3 Bc5 8. Bxc5 Nxc5 9. Qc3 Nf6 10. Nbd2 a5 11. b3 Qb4 12. Rc1 Qxc3 13. Rxc3 Ncd7 14. O-O h6 15. cxd5 exd5 16. a3 O-O 17. b4 axb4 18. axb4 Rfe8 19. Nd4 Bg4 20. N2f3 Ra2 21. h3 Bh5 22. g4 Bg6 23. Rb1 h5 24. g5 Nh7 25. h4 Nhf8 26. Bh3 f6 27. gxf6 gxf6 28. e3 Ne5 29. Rbb3 Ng4 30. Rc2 Rxc2 31. Nxc2 Ra8 32. b5 c5 33. Bxg4 hxg4 34. Nh2 Bf5 35. Ra3 Rxa3 36. Nxa3 Kf7 37. Kg2 Bxd3 38. Nxg4 c4 39. Kg3 c3 40. Kf4 Ne6+ 41. Kf3 Nc7 42. b6 Nb5 0-1


[Site "https://www.chess.com"]

[Event "Titled Tuesday Blitz April 4 Late 2023"]
[White "Moroni, Luca Jr"]
[Black "Janaszak, Dawid"]
[WhiteFideId "865834"]
[BlackFideId "1119206"]
[WhiteElo "2569"]
[BlackElo "2220"]
[Result "1-0"]
[Round "02"]
[TimeControl "180+2"]
[Date "2023.04.04"]
[WhiteClock "0:00:05"]
[BlackClock "0:00:02"]

1. d4 Nf6 2. Bf4 c5 3. e3 Nd5 4. Bg3 Qb6 5. Nc3 Nxc3 6. bxc3 Qa5 7. Qd2 e6 8. Nf3 cxd4 9. exd4 Nc6 10. Bd3 b6 11. O-O Ba6 12. Rfe1 d5 13. a4 Be7 14. Bb5 Rc8 15. Ne5 Bb7 16. Qd3 O-O 17. Bxc6 Bxc6 18. c4 dxc4 19. Nxc4 Qa6 20. Ne5 Qxd3 21. Nxd3 Bd5 22. Rec1 Rc3 23. a5 Rfc8 24. axb6 axb6 25. Rab1 h5 26. h4 Be4 27. Nf4 g6 28. Rxb6 Bxc2 29. d5 Rxg3 30. d6 Bd8 31. d7 Ra8 32. Rxc2 Kg7 33. Rc8 1-0


[Site "https://www.chess.com"]

[Event "Titled Tuesday Blitz April 4 Late 2023"]
[White "Alex_Sahakyan2006"]
[Black "Durarbayli, Vasif"]
[BlackFideId "13402935"]
[WhiteElo "2601"]
[BlackElo "2551"]
[Result "1-0"]
[Round "02"]
[TimeControl "180+2"]
[Date "2023.04.04"]
[WhiteClock "0:01:13"]
[BlackClock "0:01:07"]

1. d4 Nf6 2. Nf3 e6 3. Bf4 d5 4. e3 c5 5. Nbd2 Nc6 6. c3 Nh5 7. Bg5 f6 8. Bh4 g6 9. Bd3 cxd4 10. cxd4 Qb6 11. O-O Qxb2 12. e4 Be7 13. e5 fxe5 14. Bxe7 Kxe7 15. Rb1 Qa3 16. Rb3 Qd6 17. dxe5 Nxe5 18. Nxe5 Qxe5 19. Nf3 Qf6 20. Re1 Rd8 21. Ne5 Kf8 22. Bxg6 hxg6 23. Rf3 Bd7 24. Nxg6+ Kf7 25. Ne5+ Ke7 26. Rxf6 Nxf6 27. Qd4 Bc6 28. Qb4+ Rd6 29. Nxc6+ bxc6 30. Qb7+ 1-0


[Site "https://www.chess.com"]

[Event "Titled Tuesday Blitz April 4 Late 2023"]
[White "Makarian, Rudik"]
[Black "Jocev, Milan"]
[WhiteFideId "44105681"]
[BlackFideId "900680"]
[WhiteElo "2430"]
[BlackElo "2304"]
[Result "1-0"]
[Round "02"]
[TimeControl "180+2"]
[Date "2023.04.04"]
[WhiteClock "0:00:08"]
[BlackClock "0:00:08"]

1. d4 d5 2. c4 c6 3. Nf3 Nf6 4. Nc3 dxc4 5. g3 g6 6. e4 Bg7 7. Bxc4 O-O 8. O-O Bg4 9. Be2 a5 10. Be3 Na6 11. Ne5 Be6 12. a3 h5 13. h4 Nd7 14. Nf3 Bh3 15. Re1 Nc7 16. Ng5 Be6 17. Bf4 Bg4 18. Bxg4 hxg4 19. Bxc7 Qxc7 20. e5 Nb6 21. Qxg4 Rad8 22. h5 Qd7 23. e6 fxe6 24. hxg6 Rf6 25. Nce4 Rxg6 26. Kg2 Qd5 27. Qh5 Qf5 28. g4 Rh6 29. gxf5 Rxh5 30. Nxe6 Rd5 31. Ng3 Rh6 32. Re4 Bf6 33. Rc1 Nc8 34. Rg4+ Kf7 35. Rc5 Nd6 36. Rxd5 cxd5 37. a4 Rh4 38. Rxh4 Bxh4 39. Nf4 Bxg3 40. fxg3 Nxf5 41. Nxd5 Nxd4 42. g4 e5 43. Nc3 Kg6 44. Kg3 Ne6 45. Ne4 Nd4 46. Kf2 Nc2 47. Ke2 Nd4+ 48. Kd3 Nf3 49. Kc4 Ng5 50. Kd5 Nf7 51. Ke6 Nh6 52. g5 Nf7 53. b3 b6 54. Kd5 Nd8 55. Kxe5 Nc6+ 56. Kd5 Nb4+ 57. Kc4 Nc2 58. Nc3 Nb4 59. Nd5 Nc6 60. Nxb6 Kxg5 61. Kb5 Nd4+ 62. Kc4 Nc6 63. Nd7 Kf5 64. Nc5 Ke5 65. Nb7 Ke6 66. Kc5 Kd7 67. Kb6 Nd4 68. Nxa5 Kc8 69. Kc5 Ne6+ 70. Kb4 Nc7 71. Nc4 Nd5+ 72. Kc5 Nc7 73. b4 Na6+ 74. Kb5 Kb7 75. Na5+ Ka7 76. Nc6+ Kb7 77. Nd4 Nc7+ 78. Kc4 Kb6 79. Nb3 Na6 80. a5+ Kb7 81. Nc5+ 1-0


[Site "https://www.chess.com"]

[Event "Titled Tuesday Blitz April 4 Late 2023"]
[White "Goroshkov, Maksym"]
[Black "Babazada, Khazar"]
[WhiteFideId "14142716"]
[BlackFideId "13413554"]
[WhiteElo "2322"]
[BlackElo "2351"]
[Result "1/2-1/2"]
[Round "02"]
[TimeControl "180+2"]
[Date "2023.04.04"]
[WhiteClock "0:00:07"]
[BlackClock "0:00:06"]

1. e4 c5 2. d4 cxd4 3. c3 d3 4. Bxd3 g6 5. Nf3 Bg7 6. O-O Nc6 7. Nbd2 Nf6 8. Nb3 O-O 9. Nbd4 d6 10. Bg5 Bg4 11. h3 Bxf3 12. Qxf3 Nd7 13. Nxc6 bxc6 14. Rad1 Rb8 15. Qe2 Nc5 16. Be3 Na4 17. Rd2 Qa5 18. Bd4 Bxd4 19. cxd4 e5 20. dxe5 Qxe5 21. b3 Nc5 22. Qe3 Rfe8 23. Re1 Rb7 24. Bb1 Rbe7 25. Rde2 Ne6 26. Rd2 Nf4 27. Rc1 c5 28. Qc3 Qg5 29. Qg3 Nxh3+ 30. Qxh3 Qxd2 31. Rf1 Re5 32. Qf3 Rh5 33. Rd1 Qh6 34. g3 Re6 35. Bd3 Rh2 36. Bc4 Re7 37. Rxd6 Rh5 38. Rf6 Qc1+ 39. Bf1 Rd7 40. Kg2 Qg5 41. Bc4 Qc1 42. Bf1 Qh6 43. Kg1 Re5 44. Bc4 Qc1+ 45. Kg2 Rh5 46. Bf1 1/2-1/2


[Site "https://www.chess.com"]

[Event "Titled Tuesday Blitz April 4 Late 2023"]
[White "Makhnev, Denis"]
[Black "Ambartsumova, Karina"]
[WhiteFideId "13707647"]
[BlackFideId "4166299"]
[WhiteElo "2515"]
[BlackElo "2240"]
[Result "1-0"]
[Round "02"]
[TimeControl "180+2"]
[Date "2023.04.04"]
[WhiteClock "0:00:17"]
[BlackClock "0:00:27"]

1. d4 Nf6 2. c4 e6 3. Nf3 d5 4. Nc3 Be7 5. Bf4 O-O 6. e3 b6 7. Rc1 c5 8. dxc5 bxc5 9. Bd3 Nc6 10. O-O Bb7 11. cxd5 exd5 12. h3 Rc8 13. Qe2 Qd7 14. Rfd1 Rfd8 15. Ba6 d4 16. Bxb7 Qxb7 17. Na4 Nd5 18. Nxc5 Qb6 19. Na4 Qa5 20. b3 Nxf4 21. exf4 Bf8 22. Rc4 Qf5 23. Nxd4 Nxd4 24. Rcxd4 Rxd4 25. Rxd4 Rc2 26. Qg4 Qxg4 27. hxg4 Rxa2 28. g3 g6 29. f5 Kg7 30. Kg2 a5 31. Kf3 Bb4 32. Rd1 Kf6 33. fxg6 hxg6 34. Nb6 Bc5 35. Nd7+ Kg7 36. Nxc5 1-0


[Site "https://www.chess.com"]

[Event "Titled Tuesday Blitz April 4 Late 2023"]
[White "Ozates, Tuna"]
[Black "Li, Ruifeng"]
[WhiteFideId "6354521"]
[BlackFideId "2061074"]
[WhiteElo "2151"]
[BlackElo "2441"]
[Result "1-0"]
[Round "02"]
[TimeControl "180+2"]
[Date "2023.04.04"]
[WhiteClock "0:00:08"]
[BlackClock "0:00:09"]

1. e4 d6 2. d4 Nf6 3. Nc3 Nc6 4. f3 e5 5. Nge2 a6 6. a4 g6 7. Be3 exd4 8. Nxd4 Bg7 9. Bc4 O-O 10. O-O Ne5 11. Ba2 Bd7 12. Qd2 Re8 13. a5 h5 14. Bg5 Qc8 15. Rae1 Qb8 16. f4 Qa7 17. Kh1 Nc6 18. Nxc6 Bxc6 19. f5 Nxe4 20. Nxe4 Bxe4 21. Bxf7+ Kxf7 22. Rxe4 Qc5 23. Ref4 Kg8 24. f6 Qxg5 25. fxg7 Qe7 26. Qd5+ Kh7 27. g8=Q+ Rxg8 28. Rf7+ Rg7 29. Rxe7 Rxe7 30. Rf7+ Rxf7 31. Qxf7+ Kh6 32. h4 Rc8 33. Qd7 Rf8 34. Qxc7 Rf4 35. g3 Rf2 36. Qxb7 Rxc2 37. Qxa6 d5 38. Qd3 Rxb2 39. Qxd5 Ra2 40. Qxa2 1-0


[Site "https://www.chess.com"]

[Event "Titled Tuesday Blitz April 4 Late 2023"]
[White "Bachmann, Axel"]
[Black "Postnikov, Daniil"]
[WhiteFideId "3700488"]
[BlackFideId "4166329"]
[WhiteElo "2605"]
[BlackElo "2261"]
[Result "1-0"]
[Round "02"]
[TimeControl "180+2"]
[Date "2023.04.04"]
[WhiteClock "0:00:06"]
[BlackClock "0:00:05"]

1. Nf3 f5 2. c4 Nf6 3. g3 g6 4. Bg2 Bg7 5. O-O O-O 6. d4 d6 7. Nc3 Qe8 8. b3 Na6 9. Ba3 c6 10. Re1 b5 11. cxb5 cxb5 12. Bb2 Bb7 13. Rc1 Rc8 14. Ng5 Bxg2 15. Kxg2 Nc7 16. Qd3 Bh6 17. h4 b4 18. Na4 Ncd5 19. Rxc8 Qxc8 20. Rc1 Qb7 21. Kg1 Bxg5 22. hxg5 Ne4 23. Qc4 e6 24. Qc6 Qe7 25. Qa6 Qxg5 26. Rc8 f4 27. Bc1 fxg3 28. Rxf8+ Kxf8 29. Bxg5 gxf2+ 30. Kf1 Nxg5 31. Qc8+ Kf7 32. Kxf2 Ne4+ 33. Ke1 h5 34. Qb7+ Kf6 35. Nb2 h4 36. Qa8 Kg7 37. Qxa7+ Kh6 38. Qb8 Kg7 39. Qb7+ Kh6 40. Qc8 Ng5 41. Nd3 h3 42. Nf2 h2 43. Ng4+ Kh5 44. Nxh2 Kh4 45. Qd8 Kh5 46. Nf3 Nxf3+ 47. exf3 g5 48. Qxd6 Nf4 49. Kf1 Nd3 50. Qxe6 Nc1 51. Qg4+ Kh6 52. f4 gxf4 53. Qxf4+ Kg6 54. Qxc1 1-0


[Site "https://www.chess.com"]

[Event "Titled Tuesday Blitz April 4 Late 2023"]
[White "Mendez Fortes, Eduardo Jesus"]
[Black "Grigoriants, Sergey"]
[WhiteFideId "3502376"]
[BlackFideId "4130804"]
[WhiteElo "2307"]
[BlackElo "2502"]
[Result "1/2-1/2"]
[Round "02"]
[TimeControl "180+2"]
[Date "2023.04.04"]
[WhiteClock "0:00:07"]
[BlackClock "0:00:05"]

1. e4 c5 2. Nf3 Nc6 3. d4 cxd4 4. Nxd4 e6 5. Nc3 a6 6. Be3 Nf6 7. Qd2 Bb4 8. f3 d5 9. a3 Ba5 10. Nb3 dxe4 11. Nxa5 Qxa5 12. Nxe4 Nxe4 13. Qxa5 Nxa5 14. fxe4 e5 15. O-O-O Be6 16. b3 Rc8 17. Kb2 f6 18. Be2 Kf7 19. Bh5+ g6 20. Be2 Ke7 21. c4 b5 22. Bb6 Nb7 23. cxb5 axb5 24. Bxb5 Nd6 25. Ba4 Nxe4 26. Rc1 f5 27. Rxc8 Rxc8 28. Rc1 Rxc1 29. Kxc1 Nc3 30. Bc6 Bxb3 31. Bc7 Ke6 32. Kb2 Bd5 33. Be8 Ne4 34. g3 Nd6 35. Ba4 Nc4+ 36. Kc3 Nxa3 37. Kb4 Nc4 38. Kc5 Ne3 39. Ba5 g5 40. Bd2 f4 41. gxf4 exf4 42. Bb5 Ke5 43. Bd3 Be4 44. Be2 Kf5 45. Kd4 Ng2 46. Ba6 Bf3 47. Bc8+ Kg6 48. Ke5 h5 49. Bd7 Nh4 50. Be8+ Kg7 51. Bc3 Ba8 52. Bxh5 Kh6 53. Bg4 Nf3+ 54. Bxf3 Bxf3 55. h4 Kh5 56. hxg5 Kxg5 57. Bd2 Kg4 58. Bxf4 1/2-1/2


[Site "https://www.chess.com"]

[Event "Titled Tuesday Blitz April 4 Late 2023"]
[White "Kamsky, Gata"]
[Black "cryptoguru02"]
[WhiteFideId "2000024"]
[WhiteElo "2660"]
[BlackElo "2590"]
[Result "0-1"]
[Round "02"]
[TimeControl "180+2"]
[Date "2023.04.04"]
[WhiteClock "0:00:01"]
[BlackClock "0:00:21"]

1. d4 g6 2. Nf3 Bg7 3. c3 d6 4. Bg5 h6 5. Bh4 g5 6. Bg3 Nc6 7. e4 e5 8. dxe5 Nxe5 9. Nxe5 Bxe5 10. Nd2 Ne7 11. Nc4 Bg7 12. h4 g4 13. h5 f5 14. e5 d5 15. Ne3 c6 16. f4 Be6 17. Bf2 Qd7 18. Nc2 b6 19. b4 Kf7 20. Bd3 Rhd8 21. O-O Rac8 22. Nd4 c5 23. bxc5 bxc5 24. Bb5 Qc7 25. Nxe6 Kxe6 26. Rb1 Rb8 27. Qa4 Rb6 28. Bd3 Rdb8 29. Rb5 Rxb5 30. Bxb5 Kf7 31. Rd1 Kf8 32. Bh4 Rd8 33. Bd3 Kf7 34. Bxe7 Kxe7 35. Bxf5 Qb6 36. g3 c4+ 37. Kg2 Qb2+ 38. Kh1 Qxc3 39. Qxa7+ Kf8 0-1


[Site "https://www.chess.com"]

[Event "Titled Tuesday Blitz April 4 Late 2023"]
[White "Kavutskiy, Konstantin"]
[Black "Melkumyan, Hrant"]
[WhiteFideId "2026384"]
[BlackFideId "13302485"]
[WhiteElo "2323"]
[BlackElo "2604"]
[Result "0-1"]
[Round "02"]
[TimeControl "180+2"]
[Date "2023.04.04"]
[WhiteClock "0:00:17"]
[BlackClock "0:00:32"]

1. d4 Nf6 2. Bg5 d5 3. Nd2 Bf5 4. e3 Nbd7 5. c4 c6 6. Qb3 Qb6 7. Ngf3 h6 8. Bh4 Qxb3 9. axb3 e6 10. c5 g5 11. Bg3 Ne4 12. Nxe4 Bxe4 13. Nd2 a6 14. b4 Rd8 15. Nb3 Nf6 16. f3 Bg6 17. Be5 Bg7 18. Na5 Rd7 19. Nxc6 bxc6 20. Rxa6 O-O 21. Rxc6 Rb7 22. b5 Ra8 23. Ra6 Rxa6 24. bxa6 Rxb2 25. a7 Ra2 26. Bb8 Ne8 27. Bb5 Nc7 28. Bc6 Bd3 29. Bxc7 Rxa7 30. Bb6 Ra2 31. Bb7 e5 32. c6 exd4 33. exd4 Bf8 34. c7 Bb4+ 35. Kd1 Ra1# 0-1


[Site "https://www.chess.com"]

[Event "Titled Tuesday Blitz April 4 Late 2023"]
[White "Svane, Frederik"]
[Black "Fiorito, Francisco"]
[WhiteFideId "12923044"]
[BlackFideId "180165"]
[WhiteElo "2502"]
[BlackElo "2341"]
[Result "1-0"]
[Round "02"]
[TimeControl "180+2"]
[Date "2023.04.04"]
[WhiteClock "0:02:27"]
[BlackClock "0:00:21"]

1. c4 c5 2. g3 g6 3. Bg2 Bg7 4. Nc3 Nc6 5. d3 e6 6. Be3 d6 7. Nf3 Nge7 8. d4 Nf5 9. Bg5 f6 10. d5 fxg5 11. dxc6 bxc6 12. Nxg5 Bd7 13. Nge4 Qe7 14. g4 Nd4 15. e3 d5 16. Nd2 dxc4 17. Nxc4 O-O 18. exd4 cxd4 19. Ne4 Qb4+ 20. Ned2 e5 21. O-O Rae8 22. Qb3 Qxb3 23. axb3 Bxg4 24. Bxc6 1-0


[Site "https://www.chess.com"]

[Event "Titled Tuesday Blitz April 4 Late 2023"]
[White "TimGrutter03"]
[Black "Somalianwarrior2006"]
[WhiteElo "2583"]
[BlackElo "2862"]
[Result "0-1"]
[Round "02"]
[TimeControl "180+2"]
[Date "2023.04.04"]
[WhiteClock "0:01:16"]
[BlackClock "0:01:35"]

1. e4 c5 2. Nf3 d6 3. d4 cxd4 4. Nxd4 Nf6 5. Nc3 Nc6 6. g3 g6 7. Bg2 Nxd4 8. Qxd4 Bg7 9. O-O O-O 10. h3 Be6 11. Qd1 Rc8 12. Be3 a6 13. a4 Nd7 14. Nd5 Bxd5 15. exd5 Nb6 16. c3 Nc4 17. Bc1 b5 18. axb5 axb5 19. Re1 Qc7 20. Bf1 Ra8 21. Rxa8 Rxa8 22. Qb3 Rb8 23. Bxc4 bxc4 24. Rxe7 Qd8 25. Rd7 cxb3 0-1


[Site "https://www.chess.com"]

[Event "Titled Tuesday Blitz April 4 Late 2023"]
[White "Drori, Saar"]
[Black "Grigorov, Grigor"]
[WhiteFideId "2812444"]
[BlackFideId "2907313"]
[WhiteElo "2322"]
[BlackElo "2510"]
[Result "0-1"]
[Round "02"]
[TimeControl "180+2"]
[Date "2023.04.04"]
[WhiteClock "0:00:25"]
[BlackClock "0:00:33"]

1. e4 c6 2. Nc3 d5 3. Nf3 dxe4 4. Nxe4 Nf6 5. Qe2 Nxe4 6. Qxe4 Be6 7. b3 Nd7 8. Bb2 Nf6 9. Qh4 Bf5 10. Bc4 e6 11. O-O-O Be7 12. Qg3 O-O 13. h4 a5 14. Nd4 a4 15. Nxf5 exf5 16. h5 b5 17. h6 g6 18. Bd3 axb3 19. axb3 Ba3 20. Bxa3 Rxa3 21. Kb2 Qd4+ 22. c3 Qa7 23. Qe5 Ra2+ 24. Kc1 Qa3+ 0-1


[Site "https://www.chess.com"]